 Dungeon Crawl Stone Soup version 0.26-a0-694-g74916bafe0 (webtiles) character file.

Game seed: 17138892137665744828

190 Notrik the Skirmisher (level 5, -7/48 HPs)
             Began as a Hill Orc Fighter on Oct 25, 2020.
             Mangled by Grinder (8 damage)
             ... while paralysed by Grinder
             ... on level 3 of the Dungeon.
             The game lasted 00:03:08 (2191 turns).

Notrik the Skirmisher (Hill Orc Fighter)            Turns: 2191, Time: 00:03:08

Health: -7/48      AC:  7    Str: 20    XL:     5   Next: 69%
Magic:  5/5        EV:  2    Int:  8    God:
Gold:   45         SH:  0    Dex: 10    Spells: 4/4 levels left

rFire    . . .     SeeInvis .   a - +0 war axe
rCold    . . .     Faith    .   c - +0 kite shield
rNeg     . . .     Spirit   .   b - +0 scale mail
rPois    .         Reflect  .   (no helmet)
rElec    .         Harm     .   (no cloak)
rCorr    .         Rampage  .   (no gloves)
MR       .....                  (no boots)
Stlth    ..........             (no amulet)
HPRegen  0.16/turn              (no ring)
MPRegen  0.09/turn              (no ring)

@: paralysed
A: no striking features
a: no special abilities


You were on level 3 of the Dungeon.
You visited 1 branch of the dungeon, and saw 3 of its levels.

You collected 45 gold pieces.

Inventory:

Hand Weapons
 a - a +0 war axe (weapon)
Armour
 b - a +0 scale mail (worn)
 c - a +0 kite shield (worn)
Jewellery
 f - a cursed -4 ring of evasion {unknown}
   (You found it on level 1 of the Dungeon)
 k - an uncursed amulet of regeneration {unknown}
   (You found it on level 2 of the Dungeon)
Scrolls
 e - 2 scrolls of teleportation {unknown}
 i - a scroll of enchant weapon {unknown}
 j - a scroll of blinking {unknown}
 n - a scroll of remove curse {unknown}
Potions
 d - a potion of might
 g - a potion of curing {@q1}
 h - a potion of cancellation {unknown}
 l - a potion of mutation {unknown}
 m - a potion of resistance {unknown}


   Skills:
 * Level 5.5 Fighting
 + Level 4.0 Axes
 + Level 4.2 Armour
 + Level 4.2 Shields


You had 4 spell levels left.
You didn't know any spells.
Your spell library was empty.

Dungeon Overview and Level Annotations

Branches:
Dungeon (3/15)

Altars:
Wu Jian

Annotations:
D:3 Grinder


Message History

Grinder closely misses you.
You hit Grinder. You hit the gnoll but do no damage. You hit the gnoll.
The gnoll barely misses you. The gnoll hits you but does no damage.
Grinder gestures at you. Pain shoots through your body!
The gnoll hits you but does no damage.
You barely miss Grinder.
Your shield prevents you from hitting the gnoll.
You hit the gnoll. The gnoll barely misses you.
Grinder blinks!
The gnoll hits you with a +0 whip. You block the gnoll's attack.
Grinder blinks!
You block the gnoll's attack. Grinder gestures at you.
You suddenly lose the ability to move!
The gnoll hits you with a +0 flail.
The gnoll hits you from afar with a +0 spear.
* * * LOW HITPOINT WARNING * * *
The gnoll hits you with a +0 flail.
* * * LOW HITPOINT WARNING * * *
The gnoll hits you but does no damage.
The gnoll hits you from afar with a +0 spear.
* * * LOW HITPOINT WARNING * * *
The gnoll hits you with a +0 flail.
* * * LOW HITPOINT WARNING * * *
The gnoll hits you from afar with a +0 spear.
* * * LOW HITPOINT WARNING * * *
The gnoll hits you with a +0 flail.
* * * LOW HITPOINT WARNING * * *
You can move again.
You slash the gnoll!
You kill the gnoll!
Grinder says, "Tell me all your secrets, or I'll kill you."
You block the gnoll's attack. Grinder hits you.
* * * LOW HITPOINT WARNING * * *
The gnoll hits you but does no damage.
You barely miss Grinder. Grinder hits you.
* * * LOW HITPOINT WARNING * * *
You writhe in agony.
* * * LOW HITPOINT WARNING * * *
The gnoll hits you but does no damage.
Sorry, you're not good enough to have a special ability.
It was a potion of curing.
You feel better. You block Grinder's attack. The gnoll completely misses you.
Okay, then.
You hit Grinder. Grinder hits you but does no damage.
The gnoll hits you from afar with a +0 spear.
* * * LOW HITPOINT WARNING * * *
Grinder gestures at you.
You suddenly lose the ability to move!
The gnoll hits you from afar with a +0 spear.
* * * LOW HITPOINT WARNING * * *
Grinder hits you!
You die...

.. ##.#
#..##########
...# .........
...##..####
#......#
#.#......##
#......#
#........[.
#......# #gg#
#..<...#
###5##
#......###..@#
#.....(.<..###
#.......####
#....(..##
.......)#
.########


You could see Grinder and 2 gnolls.

Vanquished Creatures
  Terence (D:2)
  5 gnolls
  6 adders (D:2)
  A worm (D:2)
  2 dart slugs (D:1)
  A leopard gecko (D:1)
  2 ball pythons (D:1)
  6 giant cockroaches
  2 goblins
  3 hobgoblins
  3 jackals (D:2)
  6 kobolds
  10 bats
  4 frilled lizards
  9 rats
61 creatures vanquished.

Notes
Turn   | Place    | Note
-------+----------+-------------------------------------------
     0 | D:1      | Notrik the Hill Orc Fighter began the quest for the Orb.
     0 | D:1      | Reached XP level 1. HP: 19/19 MP: 1/1
    88 | D:1      | Reached XP level 2. HP: 27/27 MP: 2/2
   125 | D:1      | Reached skill level 4 in Fighting
   579 | D:1      | Reached XP level 3. HP: 33/33 MP: 3/3
   961 | D:2      | Reached XP level 4. HP: 19/41 MP: 4/4
  1173 | D:2      | Found an ornate altar of the Wu Jian Council.
  1199 | D:2      | Reached skill level 5 in Fighting
  1433 | D:2      | Reached XP level 5. HP: 48/48 MP: 5/5
  1707 | D:2      | Noticed Terence
  1724 | D:2      | Killed Terence
  2171 | D:3      | Noticed Grinder
  2182 | D:3      | Paralysed by Grinder for 5 turns
  2190 | D:3      | Paralysed by Grinder for 5 turns
  2191 | D:3      | HP: 1/48 [gnoll/+0 spear (4)]
  2191 | D:3      | Mangled by Grinder

Illustrated notes

Levels and vault maps discovered:
D:1:      matt_arrival_spirals, layout_rooms, bh_walls_and_bars
D:2:      layout_basic, old_standard_altar, uniq_terence
D:3:      layout_rooms, uniq_natasha, uniq_grinder

Skill      XL: |  1  2  3  4  5 |
---------------+----------------+-----
Fighting       | 4 5 |  5.5
Axes           | 3 4 |  4.0
Armour         | 4 |  4.2
Shields        | 4 |  4.2

Action                   |  1- 3 |  4- 6 || total
-------------------------+-------+-------++-------
Melee: War axe           |    85 |   104 ||   189
  Use: Potion            |       |     1 ||     1
Armor: Scale mail        |    44 |    56 ||   100
Dodge: Dodged            |    32 |    48 ||    80
Block: Kite shield       |    49 |    68 ||   117

Table legend: (Time is in decaauts)
 A = Elapsed time spent in this place.
 B = Non-inter-level travel time spent in this place.
 C = Inter-level travel time spent in this place.
 D = Time resting spent in this place.
 E = Time spent auto-exploring this place.
 F = Levels seen in this place.
 G = Mean time per level.
                   A        B        C        D        E       F      G
               +--------+--------+--------+--------+--------+-----+--------+
         Total |   2266 |   2170 |     96 |    183 |   1536 |   3 |  755.3 |
       Dungeon |   2266 |   2170 |     96 |    183 |   1536 |   3 |  755.3 |
               +--------+--------+--------+--------+--------+-----+--------+

Top non-repeatable levels by time:
     D:2: 1397 daAuts
     D:1: 820 daAuts
     D:3: 48 daAuts
